 Dungeon Crawl Stone Soup version 0.20-a0-208-g55166f7 (webtiles) character file.

120 KristoblXynda the Chucker (level 4, -6/36 HPs)
             Began as a Draconian Hunter on Nov 25, 2016.
             Was a Follower of Uskayaw.
             Mangled by Iwannabefree's ghost (8 damage)
             ... on level 3 of the Dungeon.
             The game lasted 00:05:29 (1902 turns).

KristoblXynda the Chucker (Draconian Hunter)        Turns: 1902, Time: 00:05:29

Health: -6/36      AC:  5    Str: 20    XL:     4   Next: 75%
Magic:  4/4        EV: 13    Int: 12    God:    Uskayaw [*.....]
Gold:   89         SH:  0    Dex: 11    Spells: 3/3 levels left

rFire  . . .     SeeInvis .     l - +0 dagger (venom)
rCold  . . .     Gourm    .     (armour unavailable)
rNeg   . . .     Faith    .     (no shield)
rPois  .         Spirit   .     (helmet restricted)
rElec  .         Reflect  .     (no cloak)
rCorr  .         Harm     .     (no gloves)
MR     .....                    (no boots)
Stlth  +.........               (no amulet)
                                (no ring)
                                (no ring)

@: mighty, slowed, very slow
A: unfitting armour, cold-blooded, AC +5
a: Stomp, Renounce Religion


You were on level 3 of the Dungeon.
You worshipped Uskayaw.
Uskayaw was noncommittal.
You were not hungry.

You visited 1 branch of the dungeon, and saw 3 of its levels.

You collected 89 gold pieces.

Inventory:

Hand Weapons
 g - a +3 short sword of holy wrath
 l - a +0 dagger of venom (weapon)
Missiles
 b - 3 javelins (quivered)
 c - 2 throwing nets
Jewellery
 a - a +3 ring of intelligence {unknown}
Scrolls
 e - a scroll of fear
 o - a scroll of remove curse
Potions
 j - a potion of brilliance
 m - a potion of flight
 n - a potion of heal wounds
Comestibles
 d - 2 bread rations
 k - a meat ration


   Skills:
 - Level 2.1 Fighting
 + Level 1.4 Short Blades
 + Level 4.4 Throwing
 + Level 3.3 Dodging
 - Level 0.8 Stealth


You had 3 spell levels left.
You didn't know any spells.

Dungeon Overview and Level Annotations

Branches:
Dungeon (3/15)

Altars:
Uskayaw

Annotations:
D:3 Iwannabefree's ghost, amateur NaIE


Innate Abilities, Weirdness & Mutations

Your plain brown scales are hard. (AC +5)
You cannot fit into any form of body armour.
You are cold-blooded and may be slowed by cold attacks.


Message History

It was a potion of might.
You feel very mighty all of a sudden.
You hit Iwannabefree's ghost. You tail-slap Iwannabefree's ghost.
Iwannabefree's ghost is lightly damaged.
Iwannabefree's ghost hits you.
You hit Iwannabefree's ghost but do no damage.
Iwannabefree's ghost is lightly damaged.
Iwannabefree's ghost gestures at you while chanting.
You are frozen.
You feel yourself slow down.
You hit Iwannabefree's ghost.
Iwannabefree's ghost is lightly damaged.
Iwannabefree's ghost points at you and mumbles some strange words.
You are frozen.
* * * LOW HITPOINT WARNING * * *
You feel as though you will be slow longer.
You hit Iwannabefree's ghost but do no damage.
Your tail-slap misses Iwannabefree's ghost.
Iwannabefree's ghost is lightly damaged.
Iwannabefree's ghost hits you!
You die...

#########
...)....###############
.######.(.(.>..W@.....#
..## ##############.##
#W.# ##.# ##†## ..†.#
#...##########.
##.............
###.#..........


You could see Iwannabefree's ghost.

Vanquished Creatures
  Natasha (D:3)
  4 adders
  3 worms (D:2)
  2 leopard geckos
  4 giant cockroaches
  4 goblins (D:1)
  8 hobgoblins
  6 kobolds
  A ball python (D:1)
  9 bats
  4 frilled lizards
  5 rats
51 creatures vanquished.

Notes
Turn   | Place    | Note
-------+----------+-------------------------------------------
     0 | D:1      | KristoblXynda the Draconian Hunter began the quest for the Orb.
     0 | D:1      | Reached XP level 1. HP: 17/17 MP: 1/1
   115 | D:1      | Reached XP level 2. HP: 20/24 MP: 2/2
   411 | D:1      | Reached skill level 4 in Throwing
   787 | D:2      | Reached XP level 3. HP: 29/29 MP: 3/3
  1087 | D:2      | HP: 1/29 [hobgoblin (5)]
  1353 | D:2      | Noticed a dagger
  1353 | D:2      | Noticed a hand axe
  1362 | D:2      | Found a hide-covered altar of Uskayaw.
  1380 | D:2      | Became a worshipper of Uskayaw the Reveler
  1443 | D:2      | Reached * piety under Uskayaw
  1517 | D:2      | Reached XP level 4. HP: 29/36 MP: 4/4
  1819 | D:3      | Noticed Natasha
  1825 | D:3      | Reached ** piety under Uskayaw
  1826 | D:3      | Killed Natasha
  1826 | D:3      | Reached skill level 1 in Short Blades
  1861 | D:3      | Noticed Iwannabefree's ghost (amateur NaIE)
  1902 | D:3      | Mangled by Iwannabefree's ghost

Vault maps used:
D:1:      minmay_arrival_hallway
D:2:      dancing_weapons_uskayaw, st_stairs_7, minmay_item_behind_shaft
D:3:      grunt_temple_overflow_magic_moments, serial_corexii_hall,
          corexii_hall_statues_t, corexii_hall_statues_i, first_bread,
          uniq_natasha, uniq_terence, uniq_grinder

Skill      XL: |  1  2  3  4 |
---------------+-------------+-----
Dodging        | 2 3 |  3.3
Throwing       | 4 |  4.4
Short Blades   | 1 |  1.4
Fighting       | |  2.1
Stealth        | |  0.8

Action                   |  1- 3 |  4- 6 || total
-------------------------+-------+-------++-------
Melee: Short sword       |    42 |       ||    42
       Tailslap          |    12 |     6 ||    18
       Dagger            |    99 |    31 ||   130
Throw: Javelin           |     3 |     3 ||     6
  Use: Scroll            |       |     8 ||     8
       Potion            |       |     1 ||     1
 Stab: Sleeping          |     3 |     2 ||     5
  Eat: Chunk             |     1 |     1 ||     2
       Meat ration       |       |     1 ||     1
Armor: Skin              |    40 |     4 ||    44
Dodge: Dodged            |    97 |    13 ||   110
